[ PARTIDA AOE2 · #484262156 ]
UnrankedBengalíes vs Persians
[ ANÁLISIS DE REPETICIÓN · EXTRAÍDO DE LA PARTIDA GRABADA ]
Feudal
—
Castillos
—
Imperial
—
| APM promedio | 46.8 |
| APM pico | 115 |
| eAPM promedio | 23.2 |
| Aldeanos / militares | 101 / 57 |
Foco
⚔️ 19.8% · 🌾 80.2%
Battle Elephant ×35 · Spearman ×12 · Skirmisher ×7 · Monk ×2 · Trebuchet (Packed) ×1
Feudal
9:24
Castillos
20:39
Imperial
43:20
| APM promedio | 20.1 |
| APM pico | 48 |
| eAPM promedio | 14.9 |
| Aldeanos / militares | 172 / 173 |
Foco
⚔️ 34.3% · 🌾 65.7%
Knight ×165 · Scout Cavalry ×8
Feudal
11:42
Castillos
19:02
Imperial
46:50
| APM promedio | 13.6 |
| APM pico | 41 |
| eAPM promedio | 9.0 |
| Aldeanos / militares | 65 / 61 |
Foco
⚔️ 29.7% · 🌾 70.3%
Magyar Huszar ×28 · Cavalry Archer ×20 · Scout Cavalry ×6 · Battering Ram ×4 · Monk ×3
Feudal
—
Castillos
—
Imperial
—
| APM promedio | 26.0 |
| APM pico | 73 |
| eAPM promedio | 8.6 |
| Aldeanos / militares | 71 / 34 |
Foco
⚔️ 19.1% · 🌾 80.9%
Conquistador ×27 · Spearman ×5 · Missionary ×2
Feudal
10:42
Castillos
15:32
Imperial
—
| APM promedio | 88.8 |
| APM pico | 230 |
| eAPM promedio | 48.7 |
| Aldeanos / militares | 139 / 108 |
Foco
⚔️ 74.8% · 🌾 25.2%
Cavalry Archer ×61 · Tarkan ×42 · Battering Ram ×4 · Knight ×1
Feudal
14:00
Castillos
25:13
Imperial
—
| APM promedio | 14.0 |
| APM pico | 32 |
| eAPM promedio | 10.1 |
| Aldeanos / militares | 80 / 101 |
Foco
⚔️ 29.8% · 🌾 70.2%
Spearman ×70 · Skirmisher ×31
Mapa de la partida
Recursos iniciales + cada clic de construcción. Líneas = muros · curvas = relieve. ◆ oro · ⬟ piedra · ● bayas · ✦ reliquia · ◌ hueco del cierre
Tu base· ✓ Separados por el mapa
Base de VZ | Necrosombra11· ✓ Separados por el mapa
Base de Georg86· ✓ Separados por el mapa
Base de axelCGOMarcus· ✓ Separados por el mapa
Base de Bienjamming· ✓ Separados por el mapa
Base de F123DY· ✓ Separados por el mapa
Terreno inicial suavizado · ◌ = hueco del cierre detectado · pasá el cursor para detalles
Inputs por minuto
— Ulix21X - - VZ | Necrosombra11
Build order — Ulix21X
Primeras 150 de 240 acciones detectadas
| 0:00 | Crear | Villager (Male) |
| 0:01 | Crear | Villager (Male) |
| 0:01 | Crear | Villager (Male) |
| 0:01 | Crear | Villager (Male) |
| 0:02 | Construir | House |
| 0:04 | Construir | House |
| 0:30 | Crear | Villager (Male) |
| 1:55 | Crear | Villager (Male) |
| 2:06 | Crear | Villager (Male) |
| 2:34 | Construir | Lumber Camp |
| 2:54 | Investigar | Loom |
| 2:57 | Crear | Villager (Male) |
| 3:18 | Crear | Villager (Male) |
| 3:20 | Crear | Villager (Male) |
| 3:27 | Crear | Villager (Male) |
| 3:28 | Crear | Villager (Male) |
| 3:28 | Crear | Villager (Male) |
| 3:49 | Construir | House |
| 5:01 | Construir | Mill |
| 5:22 | Crear | Villager (Male) |
| 5:35 | Construir | House |
| 5:52 | Crear | Villager (Male) |
| 5:52 | Crear | Villager (Male) |
| 6:25 | Crear | Villager (Male) |
| 6:53 | Crear | Villager (Male) |
| 6:53 | Crear | Villager (Male) |
| 7:13 | Construir | Mining Camp |
| 7:30 | Construir | Mill |
| 7:37 | Crear | Villager (Male) |
| 8:00 | Construir | House |
| 8:24 | Crear | Villager (Male) |
| 8:24 | Crear | Villager (Male) |
| 8:53 | Crear | Villager (Male) |
| 8:53 | Crear | Villager (Male) |
| 8:57 | Construir | House |
| 9:52 | Construir | Mill |
| 10:06 | Construir | Farm |
| 10:11 | Investigar | Feudal Age |
| 10:29 | Construir | Farm |
| 10:37 | Crear | Villager (Male) |
| 10:38 | Crear | Villager (Male) |
| 10:54 | Construir | Mill |
| 11:34 | Construir | Barracks |
| 11:42 | Construir | Barracks |
| 12:23 | Construir | Blacksmith |
| 12:27 | Construir | Market |
| 12:33 | Crear | Spearman |
| 13:13 | Crear | Villager (Male) |
| 13:15 | Construir | Farm |
| 13:40 | Construir | Farm |
| 13:44 | Crear | Villager (Male) |
| 13:49 | Crear | Spearman |
| 13:59 | Construir | House |
| 14:10 | Crear | Villager (Male) |
| 14:11 | Construir | Farm |
| 14:19 | Investigar | Castle Age |
| 14:52 | Construir | Mining Camp |
| 15:09 | Investigar | Horse Collar |
| 15:11 | Investigar | Double-Bit Axe |
| 15:23 | Investigar | Stone Mining |
| 15:36 | Crear | Spearman |
| 16:03 | Crear | Spearman |
| 16:07 | Construir | Farm |
| 16:09 | Construir | Farm |
| 16:37 | Construir | Farm |
| 16:50 | Investigar | Wheelbarrow |
| 17:09 | Investigar | Bow Saw |
| 17:52 | Construir | House |
| 18:07 | Crear | Villager (Male) |
| 18:45 | Construir | Farm |
| 19:03 | Crear | Villager (Male) |
| 19:05 | Crear | Villager (Male) |
| 19:33 | Construir | Castle |
| 20:34 | Construir | Farm |
| 20:35 | Crear | Villager (Male) |
| 20:35 | Crear | Villager (Male) |
| 20:49 | Crear | Villager (Male) |
| 20:54 | Crear | Spearman |
| 21:10 | Construir | Farm |
| 21:11 | Crear | Villager (Male) |
| 21:29 | Crear | Villager (Male) |
| 21:43 | Construir | Town Center |
| 21:44 | Crear | Villager (Male) |
| 21:45 | Crear | Villager (Male) |
| 21:48 | Investigar | Heavy Plow |
| 21:50 | Crear | Villager (Male) |
| 21:52 | Crear | Villager (Male) |
| 21:59 | Construir | Monastery |
| 22:06 | Crear | Villager (Male) |
| 22:10 | Construir | University |
| 22:20 | Crear | Villager (Male) |
| 22:29 | Crear | Monk |
| 22:43 | Construir | Archery Range |
| 22:55 | Investigar | Fletching |
| 23:08 | Construir | Archery Range |
| 23:33 | Construir | Farm |
| 23:34 | Crear | Villager (Male) |
| 23:34 | Crear | Villager (Male) |
| 23:51 | Crear | Skirmisher |
| 23:52 | Investigar | Elite Skirmisher (upgrade) |
| 24:00 | Construir | Farm |
| 24:04 | Construir | Farm |
| 24:06 | Crear | Villager (Male) |
| 24:06 | Crear | Villager (Male) |
| 24:19 | Construir | Farm |
| 24:34 | Construir | Farm |
| 24:36 | Crear | Villager (Male) |
| 24:36 | Crear | Villager (Male) |
| 24:39 | Construir | Farm |
| 24:49 | Construir | Town Center |
| 25:00 | Construir | Farm |
| 25:04 | Construir | Farm |
| 25:23 | Construir | Farm |
| 26:08 | Investigar | Bodkin Arrow |
| 26:10 | Crear | Skirmisher |
| 26:20 | Crear | Skirmisher |
| 26:34 | Crear | Skirmisher |
| 26:35 | Crear | Skirmisher |
| 26:43 | Crear | Skirmisher |
| 26:43 | Crear | Skirmisher |
| 26:58 | Crear | Villager (Male) |
| 26:58 | Crear | Villager (Male) |
| 27:02 | Crear | Villager (Male) |
| 27:12 | Construir | Farm |
| 27:17 | Investigar | Pikeman (upgrade) |
| 27:32 | Construir | Castle |
| 27:46 | Construir | House |
| 27:57 | Crear | Spearman |
| 28:31 | Crear | Spearman |
| 28:32 | Crear | Spearman |
| 29:26 | Construir | Farm |
| 29:27 | Construir | Farm |
| 29:28 | Construir | Farm |
| 29:41 | Crear | Villager (Male) |
| 29:41 | Crear | Villager (Male) |
| 29:43 | Investigar | Gold Mining |
| 30:03 | Crear | Villager (Male) |
| 30:04 | Crear | Villager (Male) |
| 30:18 | Construir | Farm |
| 30:29 | Construir | Farm |
| 30:42 | Construir | Farm |
| 30:43 | Crear | Villager (Male) |
| 30:44 | Crear | Villager (Male) |
| 31:00 | Construir | Castle |
| 31:04 | Construir | Mining Camp |
| 31:10 | Crear | Villager (Male) |
| 31:10 | Crear | Villager (Male) |
| 31:15 | Crear | Villager (Male) |
| 31:15 | Crear | Villager (Male) |
| 31:36 | Construir | Farm |
Build order — VZ | Necrosombra11
Primeras 150 de 345 acciones detectadas
| 0:01 | Crear | Villager (Male) |
| 0:02 | Construir | House |
| 0:04 | Construir | House |
| 0:15 | Crear | Villager (Male) |
| 0:15 | Crear | Villager (Male) |
| 0:16 | Crear | Villager (Male) |
| 0:16 | Crear | Villager (Male) |
| 0:22 | Crear | Villager (Male) |
| 0:22 | Crear | Villager (Male) |
| 1:25 | Crear | Villager (Male) |
| 1:25 | Crear | Villager (Male) |
| 2:54 | Crear | Villager (Male) |
| 2:54 | Crear | Villager (Male) |
| 2:54 | Crear | Villager (Male) |
| 3:14 | Crear | Villager (Male) |
| 3:14 | Crear | Villager (Male) |
| 3:15 | Crear | Villager (Male) |
| 3:47 | Construir | House |
| 4:20 | Crear | Villager (Male) |
| 4:42 | Crear | Villager (Male) |
| 4:42 | Crear | Villager (Male) |
| 4:43 | Crear | Villager (Male) |
| 4:43 | Crear | Villager (Male) |
| 4:45 | Crear | Villager (Male) |
| 4:45 | Crear | Villager (Male) |
| 5:09 | Investigar | Loom |
| 5:09 | Investigar | Loom |
| 5:21 | Construir | Lumber Camp |
| 6:33 | Crear | Villager (Male) |
| 6:49 | Construir | Mill |
| 6:55 | Crear | Villager (Male) |
| 7:20 | Investigar | Feudal Age |
| 7:21 | Investigar | Feudal Age |
| 8:06 | Construir | Lumber Camp |
| 8:51 | Construir | Barracks |
| 8:58 | Crear | Villager (Male) |
| 9:08 | Construir | House |
| 9:24 | Edad | Edad Feudal |
| 9:36 | Investigar | Double-Bit Axe |
| 9:51 | Construir | Stable |
| 9:57 | Crear | Villager (Male) |
| 10:06 | Construir | Farm |
| 10:07 | Construir | Farm |
| 10:14 | Investigar | Double-Bit Axe |
| 10:15 | Crear | Villager (Male) |
| 10:30 | Investigar | Horse Collar |
| 10:33 | Crear | Scout Cavalry |
| 10:43 | Crear | Villager (Male) |
| 10:48 | Construir | House |
| 10:49 | Construir | House |
| 10:57 | Crear | Scout Cavalry |
| 11:09 | Crear | Villager (Male) |
| 11:11 | Investigar | Town Watch |
| 11:12 | Crear | Villager (Male) |
| 11:15 | Crear | Villager (Male) |
| 11:46 | Crear | Scout Cavalry |
| 11:52 | Construir | Farm |
| 11:52 | Construir | Farm |
| 11:52 | Construir | Farm |
| 11:53 | Construir | Farm |
| 11:53 | Construir | Farm |
| 11:53 | Construir | Farm |
| 11:59 | Construir | Farm |
| 12:00 | Construir | Farm |
| 12:12 | Crear | Villager (Male) |
| 12:19 | Construir | House |
| 12:20 | Construir | House |
| 12:22 | Construir | Palisade Wall |
| 12:46 | Crear | Villager (Male) |
| 12:46 | Crear | Villager (Male) |
| 13:15 | Crear | Villager (Male) |
| 13:18 | Crear | Scout Cavalry |
| 13:37 | Crear | Villager (Male) |
| 13:47 | Construir | Farm |
| 13:51 | Construir | Farm |
| 13:51 | Construir | Farm |
| 13:54 | Construir | Farm |
| 13:56 | Crear | Villager (Male) |
| 14:01 | Construir | Farm |
| 14:03 | Crear | Villager (Male) |
| 14:07 | Construir | Farm |
| 14:11 | Crear | Scout Cavalry |
| 14:19 | Construir | Palisade Gate |
| 14:24 | Construir | House |
| 14:31 | Crear | Scout Cavalry |
| 14:37 | Crear | Villager (Male) |
| 14:38 | Crear | Villager (Male) |
| 14:41 | Construir | Farm |
| 14:53 | Construir | Mining Camp |
| 15:03 | Crear | Villager (Male) |
| 15:05 | Crear | Scout Cavalry |
| 15:26 | Crear | Villager (Male) |
| 15:36 | Construir | Farm |
| 15:36 | Construir | Farm |
| 15:36 | Construir | Farm |
| 15:36 | Construir | Farm |
| 15:36 | Construir | Farm |
| 16:00 | Crear | Villager (Male) |
| 16:01 | Investigar | Wheelbarrow |
| 16:24 | Construir | Blacksmith |
| 17:37 | Crear | Villager (Male) |
| 18:13 | Investigar | Castle Age |
| 18:42 | Construir | Stable |
| 18:50 | Construir | Farm |
| 18:53 | Investigar | Forging |
| 19:05 | Investigar | Bloodlines |
| 19:05 | Investigar | Bloodlines |
| 19:10 | Investigar | Gold Mining |
| 20:02 | Investigar | Scale Barding Armor |
| 20:30 | Crear | Villager (Male) |
| 20:31 | Crear | Villager (Male) |
| 20:39 | Edad | Edad de los Castillos |
| 20:44 | Crear | Knight |
| 20:44 | Crear | Knight |
| 20:45 | Investigar | Husbandry |
| 21:23 | Crear | Villager (Male) |
| 21:28 | Investigar | Light Cavalry (upgrade) |
| 21:34 | Crear | Villager (Male) |
| 21:36 | Crear | Scout Cavalry |
| 21:38 | Crear | Knight |
| 21:38 | Crear | Knight |
| 22:03 | Investigar | Bow Saw |
| 22:06 | Crear | Villager (Male) |
| 22:10 | Construir | Town Center |
| 22:15 | Crear | Knight |
| 22:15 | Crear | Knight |
| 22:21 | Construir | House |
| 22:23 | Construir | House |
| 22:26 | Construir | House |
| 22:31 | Crear | Villager (Male) |
| 22:39 | Construir | Town Center |
| 23:01 | Crear | Villager (Male) |
| 23:04 | Crear | Knight |
| 23:04 | Crear | Knight |
| 23:22 | Crear | Knight |
| 23:22 | Crear | Knight |
| 23:33 | Crear | Villager (Male) |
| 23:34 | Crear | Villager (Male) |
| 23:35 | Crear | Villager (Male) |
| 23:35 | Crear | Villager (Male) |
| 23:56 | Investigar | Chain Barding Armor |
| 23:56 | Investigar | Chain Barding Armor |
| 24:21 | Crear | Knight |
| 24:22 | Crear | Knight |
| 24:23 | Crear | Villager (Male) |
| 24:23 | Crear | Villager (Male) |
| 24:27 | Construir | Farm |
| 24:28 | Construir | Farm |
| 24:35 | Crear | Villager (Male) |
| 24:56 | Construir | Farm |
Build order — Georg86
Primeras 150 de 183 acciones detectadas
| 0:06 | Construir | House |
| 0:09 | Construir | House |
| 0:15 | Crear | Villager (Male) ×5 |
| 0:15 | Investigar | Loom |
| 2:04 | Crear | Villager (Male) |
| 2:12 | Crear | Villager (Male) |
| 2:50 | Crear | Villager (Male) |
| 2:51 | Crear | Villager (Male) |
| 3:17 | Construir | Lumber Camp |
| 4:04 | Crear | Villager (Male) |
| 5:05 | Crear | Villager (Male) ×5 |
| 5:46 | Construir | House |
| 5:55 | Construir | House |
| 5:58 | Construir | Mill |
| 7:04 | Construir | Mill |
| 7:49 | Crear | Villager (Male) |
| 7:52 | Crear | Villager (Male) |
| 9:03 | Crear | Villager (Male) |
| 9:32 | Investigar | Feudal Age |
| 9:39 | Crear | Villager (Male) |
| 9:51 | Construir | Farm |
| 9:53 | Construir | Farm |
| 9:54 | Construir | Farm |
| 11:02 | Construir | Mining Camp |
| 11:15 | Construir | Mining Camp |
| 11:29 | Construir | Lumber Camp |
| 11:42 | Edad | Edad Feudal |
| 11:43 | Construir | Palisade Wall |
| 11:51 | Crear | Villager (Male) |
| 11:54 | Crear | Villager (Male) |
| 12:42 | Crear | Villager (Male) |
| 12:50 | Construir | House |
| 13:10 | Investigar | Wheelbarrow |
| 13:46 | Construir | Blacksmith |
| 13:53 | Construir | Market |
| 14:10 | Investigar | Double-Bit Axe |
| 14:17 | Construir | Farm |
| 14:55 | Investigar | Horse Collar |
| 15:39 | Construir | Barracks |
| 15:59 | Construir | Farm |
| 16:02 | Construir | Farm |
| 16:05 | Construir | Farm |
| 16:22 | Investigar | Castle Age |
| 16:43 | Construir | Mill |
| 16:49 | Investigar | Stone Mining |
| 17:26 | Crear | Villager (Male) |
| 18:17 | Construir | Stable |
| 18:45 | Investigar | Gold Mining |
| 19:02 | Construir | Archery Range |
| 19:02 | Edad | Edad de los Castillos |
| 19:09 | Construir | Archery Range |
| 19:42 | Crear | Villager (Male) |
| 19:44 | Crear | Villager (Male) |
| 19:46 | Construir | Farm |
| 20:09 | Investigar | Scale Barding Armor |
| 20:11 | Investigar | Fletching |
| 20:13 | Investigar | Padded Archer Armor |
| 20:48 | Crear | Villager (Male) |
| 20:48 | Crear | Villager (Male) |
| 20:57 | Construir | Farm |
| 21:03 | Crear | Scout Cavalry |
| 21:17 | Crear | Cavalry Archer |
| 21:18 | Crear | Cavalry Archer |
| 21:39 | Construir | House |
| 21:59 | Construir | House |
| 22:03 | Construir | House |
| 22:07 | Crear | Villager (Male) |
| 22:08 | Crear | Villager (Male) |
| 22:24 | Investigar | Husbandry |
| 22:47 | Construir | Monastery |
| 22:59 | Construir | University |
| 23:39 | Crear | Villager (Male) |
| 23:41 | Crear | Villager (Male) |
| 23:45 | Investigar | Light Cavalry (upgrade) |
| 24:02 | Construir | Castle |
| 24:12 | Construir | Mining Camp |
| 24:28 | Crear | Villager (Male) |
| 24:30 | Crear | Villager (Male) |
| 24:40 | Construir | Town Center |
| 25:15 | Crear | Monk |
| 25:33 | Crear | Scout Cavalry ×5 |
| 25:43 | Investigar | Scale Mail Armor |
| 25:48 | Crear | Villager (Male) |
| 25:49 | Crear | Villager (Male) |
| 26:07 | Investigar | Treadmill Crane |
| 26:31 | Crear | Monk |
| 26:38 | Investigar | Town Watch |
| 27:00 | Construir | Farm |
| 27:03 | Construir | Farm |
| 27:06 | Investigar | Bow Saw |
| 27:15 | Investigar | Heavy Plow |
| 27:25 | Construir | Farm |
| 27:27 | Construir | Farm |
| 27:36 | Construir | Farm |
| 27:38 | Construir | Farm |
| 27:55 | Investigar | Bloodlines |
| 28:03 | Crear | Cavalry Archer ×2 |
| 28:30 | Crear | Magyar Huszar ×2 |
| 28:39 | Crear | Villager (Male) |
| 28:39 | Crear | Villager (Male) |
| 29:16 | Crear | Magyar Huszar ×4 |
| 29:28 | Crear | Villager (Male) |
| 29:29 | Crear | Villager (Male) |
| 29:52 | Crear | Villager (Male) |
| 29:52 | Crear | Villager (Male) |
| 29:58 | Construir | Farm |
| 30:11 | Construir | Farm |
| 30:23 | Construir | Farm |
| 30:25 | Construir | Farm |
| 30:34 | Investigar | Bodkin Arrow |
| 30:45 | Crear | Cavalry Archer |
| 30:46 | Crear | Cavalry Archer |
| 30:47 | Crear | Cavalry Archer |
| 30:47 | Crear | Cavalry Archer |
| 30:50 | Crear | Cavalry Archer |
| 30:51 | Crear | Cavalry Archer |
| 30:57 | Construir | Farm |
| 31:03 | Investigar | Masonry |
| 31:08 | Crear | Magyar Huszar ×2 |
| 31:21 | Construir | Farm |
| 31:32 | Construir | Siege Workshop |
| 31:58 | Crear | Villager (Male) |
| 31:58 | Crear | Villager (Male) |
| 32:02 | Construir | Farm |
| 32:15 | Construir | House |
| 32:21 | Construir | House |
| 33:12 | Crear | Magyar Huszar ×5 |
| 33:30 | Investigar | Hand Cart |
| 33:31 | Crear | Villager (Male) |
| 33:31 | Crear | Villager (Male) |
| 33:37 | Construir | House |
| 33:39 | Construir | House |
| 33:43 | Construir | House |
| 33:45 | Construir | House |
| 35:32 | Crear | Magyar Huszar ×5 |
| 35:36 | Investigar | Thumb Ring |
| 35:41 | Investigar | Ballistics |
| 35:43 | Investigar | Murder Holes |
| 36:13 | Construir | Siege Workshop |
| 36:28 | Crear | Villager (Male) ×5 |
| 36:33 | Crear | Villager (Male) ×5 |
| 36:35 | Investigar | Town Patrol |
| 36:41 | Investigar | Chain Barding Armor |
| 37:44 | Construir | Farm |
| 38:19 | Construir | House |
| 38:21 | Construir | House |
| 38:23 | Construir | House |
| 38:25 | Construir | House |
| 38:28 | Construir | House |
| 38:31 | Construir | House |
Build order — axelCGOMarcus
108 acciones detectadas en el replay
| 0:03 | Construir | House |
| 0:05 | Construir | House |
| 0:06 | Construir | House |
| 0:07 | Crear | Villager (Male) ×5 |
| 1:44 | Crear | Villager (Male) |
| 2:33 | Crear | Villager (Male) ×2 |
| 2:45 | Construir | Lumber Camp |
| 3:23 | Crear | Villager (Male) |
| 3:23 | Crear | Villager (Male) |
| 4:03 | Crear | Villager (Male) |
| 4:26 | Crear | Villager (Male) |
| 4:51 | Construir | Mill |
| 5:10 | Crear | Villager (Male) ×3 |
| 5:47 | Construir | House |
| 6:15 | Crear | Villager (Male) ×3 |
| 6:22 | Construir | House |
| 7:21 | Construir | Mining Camp |
| 7:31 | Crear | Villager (Male) |
| 7:59 | Crear | Villager (Male) |
| 8:00 | Crear | Villager (Male) ×5 |
| 9:29 | Investigar | Feudal Age |
| 9:37 | Construir | House |
| 9:38 | Construir | House |
| 9:39 | Construir | House |
| 9:39 | Construir | House |
| 11:28 | Construir | Barracks |
| 12:03 | Construir | Mill |
| 12:50 | Construir | Farm |
| 12:51 | Construir | Farm |
| 12:51 | Construir | Farm |
| 12:52 | Construir | Farm |
| 12:52 | Construir | Farm |
| 12:53 | Construir | Farm |
| 12:54 | Construir | Farm |
| 12:54 | Construir | Farm |
| 13:00 | Crear | Spearman |
| 13:04 | Investigar | Loom |
| 13:40 | Crear | Spearman |
| 13:41 | Crear | Villager (Male) |
| 13:41 | Crear | Villager (Male) |
| 14:04 | Crear | Villager (Male) |
| 14:20 | Construir | Blacksmith |
| 14:33 | Construir | Market |
| 15:14 | Investigar | Castle Age |
| 15:25 | Construir | Mining Camp |
| 15:31 | Crear | Spearman |
| 15:31 | Crear | Spearman |
| 15:31 | Crear | Spearman |
| 16:20 | Crear | Villager (Male) |
| 16:20 | Crear | Villager (Male) |
| 16:21 | Crear | Villager (Male) |
| 16:21 | Crear | Villager (Male) |
| 16:21 | Crear | Villager (Male) ×3 |
| 16:22 | Crear | Villager (Male) ×3 |
| 18:28 | Construir | Monastery |
| 18:50 | Crear | Missionary |
| 18:50 | Crear | Missionary |
| 19:22 | Construir | Town Center |
| 19:50 | Crear | Villager (Male) |
| 19:50 | Crear | Villager (Male) |
| 19:50 | Crear | Villager (Male) |
| 19:51 | Crear | Villager (Male) |
| 21:00 | Crear | Villager (Male) |
| 21:00 | Crear | Villager (Male) |
| 21:01 | Crear | Villager (Male) |
| 21:01 | Crear | Villager (Male) |
| 22:39 | Construir | Town Center |
| 22:50 | Crear | Villager (Male) ×5 |
| 22:51 | Crear | Villager (Male) ×5 |
| 23:15 | Construir | Farm |
| 23:16 | Construir | Farm |
| 23:17 | Construir | Farm |
| 23:18 | Construir | Farm |
| 23:30 | Crear | Villager (Male) ×5 |
| 23:43 | Construir | Castle |
| 24:37 | Construir | Castle |
| 24:40 | Construir | Mining Camp |
| 25:34 | Investigar | Double-Bit Axe |
| 26:14 | Crear | Conquistador ×5 |
| 27:06 | Crear | Conquistador |
| 28:04 | Crear | Conquistador ×4 |
| 28:27 | Construir | House |
| 28:31 | Construir | House |
| 28:34 | Construir | House |
| 28:40 | Construir | House |
| 28:45 | Crear | Conquistador |
| 28:58 | Construir | House |
| 29:15 | Construir | Farm |
| 29:16 | Construir | Farm |
| 29:16 | Construir | Farm |
| 29:17 | Construir | Farm |
| 29:20 | Construir | Farm |
| 29:47 | Crear | Conquistador |
| 29:48 | Crear | Conquistador |
| 31:48 | Crear | Conquistador ×5 |
| 31:48 | Crear | Conquistador |
| 32:58 | Crear | Conquistador |
| 32:58 | Crear | Conquistador |
| 33:13 | Crear | Villager (Male) ×4 |
| 34:50 | Construir | Castle |
| 36:17 | Crear | Conquistador ×5 |
| 36:18 | Crear | Conquistador |
| 39:41 | Construir | Farm |
| 39:41 | Construir | Farm |
| 39:56 | Crear | Villager (Male) ×5 |
| 39:57 | Crear | Villager (Male) |
| 40:59 | Construir | Town Center |
| 41:43 | Construir | Town Center |
Build order — Bienjamming
Primeras 150 de 348 acciones detectadas
| 0:02 | Crear | Villager (Male) ×5 |
| 1:21 | Crear | Villager (Male) |
| 1:22 | Crear | Villager (Male) |
| 1:33 | Crear | Villager (Male) |
| 1:34 | Crear | Villager (Male) |
| 1:34 | Crear | Villager (Male) |
| 1:34 | Crear | Villager (Male) |
| 1:54 | Crear | Villager (Male) |
| 1:54 | Crear | Villager (Male) |
| 2:43 | Crear | Villager (Male) |
| 2:44 | Crear | Villager (Male) |
| 2:53 | Crear | Villager (Male) |
| 2:53 | Crear | Villager (Male) |
| 3:20 | Crear | Villager (Male) |
| 3:20 | Crear | Villager (Male) |
| 3:21 | Crear | Villager (Male) |
| 3:38 | Crear | Villager (Male) |
| 3:39 | Crear | Villager (Male) |
| 3:39 | Crear | Villager (Male) |
| 4:01 | Crear | Villager (Male) |
| 4:01 | Crear | Villager (Male) |
| 4:17 | Crear | Villager (Male) |
| 4:38 | Crear | Villager (Male) ×2 |
| 4:38 | Crear | Villager (Male) ×2 |
| 5:15 | Crear | Villager (Male) ×3 |
| 5:15 | Crear | Villager (Male) |
| 5:52 | Construir | Lumber Camp |
| 5:58 | Crear | Villager (Male) |
| 5:59 | Crear | Villager (Male) |
| 6:06 | Investigar | Loom |
| 6:31 | Crear | Villager (Male) |
| 6:40 | Crear | Villager (Male) |
| 6:44 | Construir | Mining Camp |
| 6:51 | Crear | Villager (Male) ×5 |
| 6:51 | Crear | Villager (Male) |
| 6:52 | Crear | Villager (Male) ×5 |
| 6:53 | Crear | Villager (Male) |
| 6:53 | Crear | Villager (Male) |
| 7:37 | Crear | Villager (Male) |
| 7:37 | Crear | Villager (Male) |
| 7:42 | Crear | Villager (Male) |
| 8:32 | Investigar | Feudal Age |
| 8:33 | Investigar | Feudal Age |
| 8:38 | Construir | Mill |
| 8:57 | Construir | Barracks |
| 10:42 | Edad | Edad Feudal |
| 10:44 | Construir | Archery Range |
| 10:56 | Construir | Blacksmith |
| 10:57 | Crear | Villager (Male) |
| 11:15 | Construir | Farm |
| 11:35 | Crear | Villager (Male) |
| 11:38 | Construir | Farm |
| 11:38 | Construir | Farm |
| 11:38 | Construir | Farm |
| 11:51 | Construir | Farm |
| 11:59 | Crear | Villager (Male) |
| 12:19 | Construir | Farm |
| 12:43 | Construir | Farm |
| 12:46 | Crear | Villager (Male) |
| 12:52 | Investigar | Castle Age |
| 12:52 | Investigar | Castle Age |
| 13:31 | Construir | Mining Camp |
| 14:57 | Construir | Archery Range |
| 15:01 | Investigar | Fletching |
| 15:08 | Investigar | Double-Bit Axe |
| 15:08 | Investigar | Double-Bit Axe |
| 15:09 | Investigar | Double-Bit Axe |
| 15:32 | Edad | Edad de los Castillos |
| 15:37 | Crear | Cavalry Archer ×2 |
| 15:58 | Crear | Cavalry Archer |
| 15:58 | Crear | Cavalry Archer |
| 16:12 | Construir | Lumber Camp |
| 16:31 | Crear | Villager (Male) |
| 16:59 | Investigar | Gold Mining |
| 17:00 | Investigar | Gold Mining |
| 17:01 | Investigar | Bow Saw |
| 17:04 | Crear | Cavalry Archer |
| 17:04 | Crear | Cavalry Archer |
| 17:17 | Crear | Villager (Male) |
| 17:26 | Crear | Cavalry Archer |
| 17:26 | Crear | Cavalry Archer |
| 17:44 | Crear | Villager (Male) |
| 17:50 | Crear | Cavalry Archer |
| 18:04 | Crear | Cavalry Archer |
| 18:05 | Crear | Cavalry Archer |
| 18:10 | Crear | Cavalry Archer |
| 18:11 | Crear | Cavalry Archer |
| 18:27 | Crear | Villager (Male) |
| 18:28 | Crear | Villager (Male) |
| 18:48 | Crear | Cavalry Archer |
| 18:48 | Crear | Cavalry Archer |
| 18:52 | Investigar | Padded Archer Armor |
| 18:52 | Investigar | Padded Archer Armor |
| 19:09 | Crear | Cavalry Archer |
| 19:10 | Construir | Farm |
| 19:10 | Construir | Farm |
| 19:10 | Construir | Farm |
| 19:13 | Crear | Villager (Male) |
| 19:40 | Crear | Villager (Male) |
| 19:42 | Construir | Farm |
| 19:44 | Crear | Cavalry Archer |
| 19:44 | Crear | Cavalry Archer |
| 19:52 | Crear | Villager (Male) |
| 19:57 | Construir | Town Center |
| 20:22 | Investigar | Bodkin Arrow |
| 20:22 | Investigar | Bodkin Arrow |
| 20:40 | Investigar | Padded Archer Armor |
| 20:48 | Construir | Farm |
| 20:49 | Construir | Farm |
| 20:49 | Construir | Farm |
| 20:52 | Crear | Villager (Male) |
| 21:00 | Crear | Cavalry Archer |
| 21:00 | Crear | Cavalry Archer |
| 21:09 | Crear | Villager (Male) |
| 21:10 | Crear | Villager (Male) |
| 21:16 | Crear | Villager (Male) |
| 21:33 | Crear | Villager (Male) |
| 22:01 | Construir | Farm |
| 22:02 | Construir | Farm |
| 22:02 | Construir | Farm |
| 22:02 | Construir | Farm |
| 22:04 | Crear | Villager (Male) |
| 22:05 | Construir | Farm |
| 22:05 | Construir | Farm |
| 22:42 | Crear | Villager (Male) |
| 22:43 | Construir | Farm |
| 22:43 | Construir | Farm |
| 22:43 | Construir | Farm |
| 22:45 | Crear | Villager (Male) |
| 23:00 | Crear | Cavalry Archer ×2 |
| 23:11 | Construir | Castle |
| 23:40 | Crear | Cavalry Archer |
| 23:40 | Crear | Cavalry Archer |
| 24:16 | Investigar | Leather Archer Armor |
| 24:17 | Investigar | Leather Archer Armor |
| 24:19 | Construir | Farm |
| 24:20 | Construir | Farm |
| 24:21 | Construir | Farm |
| 24:22 | Crear | Villager (Male) |
| 24:23 | Crear | Villager (Male) |
| 24:25 | Crear | Cavalry Archer ×3 |
| 24:28 | Crear | Cavalry Archer |
| 25:08 | Construir | Lumber Camp |
| 25:48 | Crear | Tarkan |
| 25:49 | Crear | Cavalry Archer ×5 |
| 26:24 | Crear | Villager (Male) |
| 26:38 | Construir | Town Center |
| 26:44 | Crear | Tarkan |
| 27:03 | Crear | Villager (Male) ×5 |
| 27:08 | Crear | Tarkan ×2 |
Build order — F123DY
Primeras 150 de 189 acciones detectadas
| 0:04 | Crear | Villager (Male) ×5 |
| 0:08 | Construir | House |
| 0:12 | Construir | House |
| 0:55 | Construir | House |
| 0:56 | Construir | House |
| 0:58 | Construir | House |
| 1:00 | Construir | House |
| 2:20 | Crear | Villager (Male) |
| 2:21 | Crear | Villager (Male) |
| 2:54 | Crear | Villager (Male) |
| 3:06 | Crear | Villager (Male) |
| 4:04 | Construir | Mill |
| 4:16 | Crear | Villager (Male) |
| 4:56 | Crear | Villager (Male) |
| 5:36 | Crear | Villager (Male) |
| 6:14 | Crear | Villager (Male) |
| 7:16 | Crear | Villager (Male) |
| 7:38 | Crear | Villager (Male) |
| 7:38 | Crear | Villager (Male) |
| 7:38 | Crear | Villager (Male) |
| 7:39 | Crear | Villager (Male) |
| 8:19 | Construir | Lumber Camp |
| 8:37 | Construir | Mill |
| 9:29 | Crear | Villager (Male) |
| 9:29 | Crear | Villager (Male) |
| 10:26 | Crear | Villager (Male) |
| 10:27 | Crear | Villager (Male) |
| 11:25 | Crear | Villager (Male) |
| 11:44 | Investigar | Feudal Age |
| 12:29 | Construir | Mill |
| 13:06 | Construir | Lumber Camp |
| 13:15 | Construir | Mining Camp |
| 13:38 | Construir | Barracks |
| 13:53 | Crear | Villager (Male) |
| 13:53 | Crear | Villager (Male) |
| 13:56 | Crear | Villager (Male) |
| 13:56 | Crear | Villager (Male) |
| 14:00 | Edad | Edad Feudal |
| 14:09 | Construir | Farm |
| 14:09 | Construir | Farm |
| 14:09 | Construir | Farm |
| 14:10 | Construir | Farm |
| 14:11 | Construir | Farm |
| 14:11 | Construir | Farm |
| 14:11 | Construir | Farm |
| 14:20 | Crear | Spearman |
| 14:57 | Crear | Spearman |
| 15:06 | Investigar | Horse Collar |
| 15:08 | Investigar | Double-Bit Axe |
| 15:24 | Crear | Spearman |
| 15:45 | Crear | Villager (Male) |
| 15:45 | Crear | Villager (Male) |
| 15:57 | Crear | Spearman |
| 16:06 | Construir | House |
| 16:49 | Crear | Villager (Male) |
| 16:49 | Crear | Villager (Male) |
| 16:59 | Construir | House |
| 17:00 | Construir | House |
| 17:03 | Construir | House |
| 17:05 | Construir | House |
| 17:06 | Construir | House |
| 17:08 | Construir | House |
| 17:09 | Construir | House |
| 17:16 | Crear | Spearman |
| 18:19 | Investigar | Wheelbarrow |
| 18:20 | Crear | Villager (Male) |
| 18:20 | Crear | Villager (Male) |
| 18:34 | Construir | Archery Range |
| 18:38 | Crear | Spearman |
| 18:38 | Crear | Spearman |
| 18:45 | Investigar | Loom |
| 19:00 | Construir | Farm |
| 19:01 | Construir | Farm |
| 19:01 | Construir | Farm |
| 19:32 | Construir | Farm |
| 19:32 | Construir | Farm |
| 19:32 | Construir | Farm |
| 19:33 | Construir | Farm |
| 19:34 | Construir | Farm |
| 19:44 | Crear | Skirmisher |
| 19:44 | Crear | Skirmisher |
| 20:07 | Construir | Farm |
| 20:32 | Construir | Blacksmith |
| 21:43 | Crear | Villager (Male) |
| 21:43 | Crear | Villager (Male) |
| 22:10 | Investigar | Castle Age |
| 22:24 | Crear | Skirmisher |
| 22:24 | Crear | Skirmisher |
| 22:25 | Crear | Skirmisher |
| 22:54 | Crear | Spearman |
| 22:54 | Crear | Spearman |
| 24:22 | Investigar | Forging |
| 24:23 | Investigar | Scale Mail Armor |
| 24:24 | Investigar | Padded Archer Armor |
| 25:11 | Crear | Villager (Male) |
| 25:11 | Crear | Villager (Male) |
| 25:13 | Edad | Edad de los Castillos |
| 25:35 | Crear | Spearman |
| 25:36 | Crear | Spearman |
| 25:39 | Crear | Skirmisher |
| 25:39 | Crear | Skirmisher |
| 26:32 | Crear | Skirmisher |
| 26:32 | Crear | Skirmisher |
| 26:32 | Crear | Skirmisher |
| 26:34 | Crear | Spearman |
| 26:35 | Crear | Spearman |
| 26:35 | Crear | Spearman |
| 26:35 | Crear | Spearman |
| 27:56 | Crear | Skirmisher |
| 27:57 | Crear | Skirmisher |
| 28:08 | Crear | Villager (Male) ×2 |
| 28:40 | Construir | Town Center |
| 29:43 | Crear | Spearman |
| 29:43 | Crear | Spearman |
| 29:43 | Crear | Spearman |
| 29:47 | Crear | Skirmisher |
| 29:47 | Crear | Skirmisher |
| 30:05 | Investigar | Fletching |
| 31:08 | Crear | Villager (Male) |
| 31:08 | Crear | Villager (Male) |
| 31:09 | Crear | Villager (Male) |
| 31:57 | Crear | Villager (Male) |
| 32:30 | Crear | Villager (Male) |
| 33:05 | Crear | Villager (Male) |
| 33:05 | Crear | Villager (Male) |
| 33:05 | Crear | Villager (Male) |
| 33:06 | Crear | Villager (Male) |
| 33:06 | Crear | Villager (Male) |
| 33:06 | Crear | Villager (Male) |
| 33:07 | Crear | Villager (Male) |
| 33:07 | Crear | Villager (Male) |
| 33:16 | Construir | Farm |
| 33:17 | Construir | Farm |
| 33:17 | Construir | Farm |
| 33:17 | Construir | Farm |
| 33:18 | Construir | Farm |
| 33:18 | Construir | Farm |
| 33:19 | Construir | Farm |
| 33:20 | Construir | Farm |
| 33:20 | Construir | Farm |
| 33:43 | Investigar | Pikeman (upgrade) |
| 33:46 | Investigar | Elite Skirmisher (upgrade) |
| 34:18 | Crear | Spearman |
| 34:19 | Crear | Spearman |
| 34:21 | Crear | Spearman |
| 34:21 | Crear | Spearman |
| 34:21 | Crear | Spearman |
| 34:25 | Crear | Skirmisher |
| 34:25 | Crear | Skirmisher |
| 34:26 | Crear | Skirmisher |
Cronología de la partida
| 8:51 | VZ | Necrosombra11 · first_building Barracks |
| 8:57 | Bienjamming · first_building Barracks |
| 9:24 | VZ | Necrosombra11 · age_up feudal |
| 9:51 | VZ | Necrosombra11 · first_building Stable |
| 10:42 | Bienjamming · age_up feudal |
| 10:44 | Bienjamming · first_building Archery Range |
| 11:28 | axelCGOMarcus · first_building Barracks |
| 11:34 | Ulix21X · first_building Barracks |
| 11:42 | Georg86 · age_up feudal |
| 11:43 | Georg86 · wall_segment Palisade Wall x5 |
| 12:22 | VZ | Necrosombra11 · wall_segment Palisade Wall x6 |
| 13:38 | F123DY · first_building Barracks |
| 14:00 | F123DY · age_up feudal |
| 15:32 | Bienjamming · age_up castle |
| 15:39 | Georg86 · first_building Barracks |
| 18:17 | Georg86 · first_building Stable |
| 18:28 | axelCGOMarcus · first_building Monastery |
| 18:34 | F123DY · first_building Archery Range |
| 18:48 | Ulix21X · first_market_buy 100 stone |
| 19:02 | Georg86 · first_building Archery Range |
| 19:02 | Georg86 · age_up castle |
| 19:33 | Ulix21X · first_building Castle |
| 20:39 | VZ | Necrosombra11 · age_up castle |
| 21:59 | Ulix21X · first_building Monastery |
| 22:43 | Ulix21X · first_building Archery Range |
| 22:47 | Georg86 · first_building Monastery |
| 23:11 | Bienjamming · first_building Castle |
| 23:13 | axelCGOMarcus · first_market_buy 100 wood |
| 23:43 | axelCGOMarcus · first_building Castle |
| 24:02 | Georg86 · first_building Castle |
| 25:13 | F123DY · age_up castle |
| 28:03 | Bienjamming · first_building Siege Workshop |
| 28:08 | Bienjamming · first_building Stable |
| 29:37 | VZ | Necrosombra11 · first_market_buy 100 wood |
| 31:32 | Georg86 · first_building Siege Workshop |
| 31:47 | VZ | Necrosombra11 · first_market_sell 100 wood |
| 33:23 | Ulix21X · first_building Stable |
| 35:53 | VZ | Necrosombra11 · first_building Castle |
| 39:13 | Georg86 · tribute_sent a jugador 1 |
| 39:13 | Georg86 · tribute_sent a jugador 2 |
| 39:13 | Georg86 · tribute_sent a jugador 4 |
| 39:13 | Georg86 · tribute_sent a jugador 5 |
| 39:13 | Georg86 · tribute_sent a jugador 6 |
| 39:30 | VZ | Necrosombra11 · first_building Monastery |
| 43:20 | VZ | Necrosombra11 · age_up imperial |
| 43:49 | axelCGOMarcus · resign |
| 46:50 | Georg86 · age_up imperial |
[ ANÁLISIS IA · 1 CRÉDITO ]
¿Qué pasó realmente en esta partida?
Wolo.gg analiza cada decisión: build order, eco, micro, errores típicos por bracket. Análisis personalizado por WhatsApp o Discord en 30 segundos.
Guía civ
Bengalíes
Perfil
Jugador #317112